AoeStats
← [ICMW] DEMBA

African Clearing

510409483Analyzed
3v3 RM · 1d ago on Sep 30, 2026· 40m 53s· 6 players
Game mode
Random Map
Map size
Normal (6 player)
Population
200
Speed
Normal
Resources
Standard
Victory
Conquest
Starting age
Dark Age
Ending age
Imperial Age
RankedLock teamsTeams togetherTeam positionsShared explorationLock speedFull tech treeHidden civsTurbo modeCheats
Victory
Defeat
🇹🇷 Khmer · Türkiye
1511
+8
🇹🇷 Mongols · Türkiye
1460
+10
🇹🇷 Bulgarians · Türkiye
1391
+14
🇨🇱 Varangians · Chile
1334
-11
🇨🇱 Vietnamese · Chile
1331
-11
🇨🇱 Berbers · Chile
1312
-10
Kirintor
11:49 Loom
13:35 Feudal Age
18:15 Castle Age
16:26 Double-Bit Axe
29:14 Bloodlines
29:04 Husbandry
30:59 Horse Collar
32:28 Squires
32:15 Arson
33:17 Wheelbarrow
33:55 Town Watch
35:11 Scale Mail Armor
36:02 Forging
36:41 Chain Mail Armor
37:33 Iron Casting
36:42 Vendel Legacy
38:17 Heavy Plow
Julio_15
11:30 Loom
11:59 Loom
14:36 Feudal Age
18:11 Castle Age
15:59 Double-Bit Axe
18:34 Fletching
19:10 Bow Saw
24:17 Gold Mining
25:36 Bodkin Arrow
32:32 Padded Archer Armor
33:07 Horse Collar
35:21 Wheelbarrow
38:36 Ballistics
38:17 Stone Mining
39:39 Thumb Ring
Beerfully
9:57 Loom
11:54 Feudal Age
15:59 Castle Age
14:36 Double-Bit Axe
19:10 Fletching
21:08 Padded Archer Armor
20:55 Town Watch
23:35 Bodkin Arrow
24:22 Husbandry
26:07 Bloodlines
32:04 Ballistics
33:19 Guard Tower
35:03 Gold Mining
35:44 Stone Mining
[ICMW] DEMBA
3:32 Loom
13:53 Feudal Age
15:53 Double-Bit Axe
15:49 Horse Collar
18:29 Castle Age
17:08 Stone Mining
21:37 Gold Mining
21:59 Bow Saw
21:49 Heavy Plow
27:06 Bloodlines
27:13 Husbandry
28:49 Forging
28:44 Scale Barding Armor
30:25 Iron Casting
30:11 Chain Barding Armor
29:55 Scale Mail Armor
35:11 Imperial Age
33:57 Chain Mail Armor
33:50 Squires
33:35 Arson
33:36 Gambesons
34:31 Wheelbarrow
34:54 Murder Holes
36:03 Gold Shaft Mining
36:29 Elite Konnik
38:21 Plate Barding Armor
38:48 Blast Furnace
39:15 Conscription
39:37 Stirrups
41:07 Chemistry
42:01 Plate Mail Armor
PAPAZ
13:00 Feudal Age
12:03 Loom
17:38 Castle Age
15:42 Double-Bit Axe
17:00 Gold Mining
20:35 Fletching
20:46 Padded Archer Armor
24:05 Leather Archer Armor
25:12 Bodkin Arrow
32:12 Stone Mining
34:24 Horse Collar
35:48 Bow Saw
36:03 Heavy Plow
36:50 Gold Shaft Mining
37:17 Wheelbarrow
40:47 Imperial Age
38:03 Town Watch
40:07 Stone Shaft Mining
41:23 Masonry
Kaneko
8:10 Loom
11:27 Feudal Age
19:41 Bloodlines
20:47 Scale Barding Armor
20:56 Forging
25:31 Castle Age
24:48 Double-Bit Axe
24:46 Horse Collar
25:43 Wheelbarrow
26:55 Husbandry
28:24 Chain Barding Armor
29:33 Light Cavalry
37:55 Iron Casting
Connection lost

Rejoining the realm…

Still unreachable

The connection could not be restored.

Session expired

The server has moved on; the page needs a fresh start.